 Dungeon Crawl Stone Soup version 0.28-a0-691-gad6df49e81 (webtiles) character file.

Game seed: 7192488683288856274

42 Rennog the Scratcher (level 3, 0/17 HPs)
             Began as a Felid Fighter on Oct 23, 2021.
             Slain by a goblin (5 damage)
             ... led by Robin
             ... on level 1 of the Dungeon.
             The game lasted 00:05:05 (1193 turns).

Rennog the Scratcher (Felid Fighter)                Turns: 1193, Time: 00:05:06

Health: 0/17       AC:  1    Str: 13    XL:     3   Next: 35%
Magic:  4/4        EV: 18    Int:  9    God:
Gold:   20         SH:  0    Dex: 15    Spells: 2/2 levels left
                                        Lives:  0   Deaths: 0

rFire   . . .      SeeInvis +     - Unarmed
rCold   . . .      Faith    .   (shield unavailable)
rNeg    . . .      Spirit   .   (armour unavailable)
rPois   .          Reflect  .   (helmet unavailable)
rElec   .          Harm     .   (cloak unavailable)
rCorr   .          Rampage  .   (gloves unavailable)
Will    .....                   (boots unavailable)
Stlth   ++........              (no amulet)
HPRegen 0.05/turn               (no ring)
MPRegen 0.09/turn               (no ring)

@: quick
A: very small, claws 1, fangs 3, see invisible, speed 1, shaggy fur 1, stealthy
paws, no weapons or thrown items, no armour, multi-lived
a: no special abilities


You were on level 1 of the Dungeon.
You visited 1 branch of the dungeon, and saw 2 of its levels.

You collected 20 gold pieces.

Inventory:

Scrolls
 c - 2 scrolls of amnesia {unknown}
 d - a scroll of identify {unknown}
 e - a scroll of silence {unknown}
Potions
 a - 2 potions of might
 b - a potion of mutation {unknown}


   Skills:
 + Level 3.1 Fighting
 - Level 4.2 Dodging
 * Level 2.7 Stealth
 * Level 4.5 Unarmed Combat


You had 2 spell levels left.
You didn't know any spells.
Your spell library was empty.

Dungeon Overview and Level Annotations

Branches:
Dungeon (2/15)

Altars:

Annotations:
D:1 Robin


Innate Abilities, Weirdness & Mutations

You have sharp claws.
You have razor-sharp teeth.
You have supernaturally acute eyesight. (SInv)
You cover ground quickly. (Speed+)
You are covered in fur. (AC +1)
Your paws help you pounce on unaware monsters.
You are incapable of wielding weapons or throwing items.
You cannot wear armour.
You gain extra lives every three experience levels.


Message History

You claw the hobgoblin!
You kill the hobgoblin!
No target in view!
You start resting.
HP restored.
Items here: )))) ÷÷ ††.
Items here: ( )) †.
A hobgoblin comes into view.
Robin shouts!
The hobgoblin shouts! x2
Items here: ( )) †.
Items here: )))) ÷÷ ††.
There is a stone staircase leading up, spattered with blood here.
Robin throws the goblin at you!
You scratch the goblin.
The goblin is moderately wounded.
You barely miss the goblin.
The goblin is moderately wounded.
The goblin closely misses you.
Robin points. "Kill!"
You closely miss the goblin. Your claw misses the goblin.
The goblin is moderately wounded.
The goblin hits you with a +0 dagger.
Robin roars a battlecry!
The goblins go into a battle-frenzy!
You hear a shout!
The goblin hits you with a +0 dagger. Robin completely misses you.
You climb upwards.
There is a stone staircase leading down here.
Robin throws the goblin at you! The goblin closely misses you.
Robin says, "A pitiful Cat like you will never find the ORB!"
Things that are here:
3 stones; a +3 whip Robin throws the goblin at you!
* * * LOW HITPOINT WARNING * * *
The goblin misses you.
You scratch the goblin.
The goblin is severely wounded.
The goblin hits you with a +0 dagger.
You die...

#..##.#.# ###.##.#
##.#..#.# #.....
##>..##.##### ####..
#.>.###.....# ##. #..##
#####.# #+ #..# #.# #.
##.(##### #.# ##
#....g..####.#
##.#####.@g.#.# #..#
####.#†# #.## ##.#.####
#.# ##.......## #.#
##.........## #.#
#...........# #.###
#...........# #...##
#...........#
###..####.........########


You could see Robin and a goblin (strong).

Vanquished Creatures
  A dart slug (D:1)
  2 endoplasms
  7 goblins
  6 hobgoblins
  4 kobolds
  4 quokkas
  5 ball pythons (D:1)
  2 bats (D:1)
  2 rats
33 creatures vanquished.

Notes
Turn   | Place    | Note
-------+----------+-------------------------------------------
     0 | D:1      | Rennog the Felid Fighter began the quest for the Orb.
     0 | D:1      | Reached XP level 1. HP: 10/10 MP: 2/2
    77 | D:1      | Reached skill level 1 in Stealth
   224 | D:1      | Reached XP level 2. HP: 13/14 MP: 3/3
   545 | D:1      | Found a faded altar of an unknown god.
   664 | D:1      | Reached XP level 3. HP: 17/17 MP: 4/4
   793 | D:2      | Noticed an ogre
   842 | D:2      | Noticed Robin
  1193 | D:1      | Slain by a goblin

Illustrated notes

Levels and vault maps discovered:
D:1:      minmay_arrival_three_doors, layout_rooms,
          shapermc_ecumenical_altar_mp_urbaneastern, minmay_split_cup_large
D:2:      layout_rooms, serial_shops, shop, uniq_robin

Skill      XL: |  1  2 |
---------------+-------+-----
Stealth        | 1 2 |  2.7
Fighting       | |  3.1
Dodging        | |  4.2
Unarmed Combat | |  4.5

Action                   || total
-------------------------++-------
Melee: Unarmed           ||    96
       Bite              ||     6
       Punch             ||     1
 Stab: Sleeping          ||     4
Armor: Skin              ||     5
Dodge: Dodged            ||    85

Table legend: (Time is in decaauts)
 A = Elapsed time spent in this place.
 B = Non-inter-level travel time spent in this place.
 C = Inter-level travel time spent in this place.
 D = Time resting spent in this place.
 E = Time spent auto-exploring this place.
 F = Levels seen in this place.
 G = Mean time per level.
                   A        B        C        D        E       F      G
               +--------+--------+--------+--------+--------+-----+--------+
         Total |   1080 |   1060 |     20 |    263 |    527 |   2 |  540.0 |
       Dungeon |   1080 |   1060 |     20 |    263 |    527 |   2 |  540.0 |
               +--------+--------+--------+--------+--------+-----+--------+

Top non-repeatable levels by time:
     D:1: 841 daAuts
     D:2: 239 daAuts
